Cogmind - Beta 14 @@@ ROGUE MODE // 2024.09.17 @ 16:27:02 Player: sormi Result: Destroyed by D-53 Grenadier with Mini Grenade Launcher Performance ------------- Evolutions (0) 0 Regions Visited (2) 400 Robots Destroyed (9) 45 Value Destroyed (312) 312 Prototype IDs (0) 0 Alien Tech Used (0) 0 Bonus (0) 0 TOTAL SCORE: 757 Bonus ------- None Cogmind --------- Core Integrity 0/250 Matter 268/300 Energy 44/100 System Corruption 0% Temperature Cool (0) Movement Core (150) Ox2 Location -10/Mines Parts ------- > --- POWER (1) -------- (None) > --- PROPULSION (2) --- (None) > --- UTILITY (2) ------ Improved Heat Sink Small Storage Unit > --- WEAPON (2) ------- Mining Laser > --- INVENTORY (8) ---- Light Ion Engine Light Ion Engine Aluminum Leg Structural Scanner Core Shielding EM Pulse Gun Signal Generator Peak State ------------ > --- POWER ------------ Light Nuclear Core > --- PROPULSION ------- Aluminum Leg Aluminum Leg > --- UTILITY ---------- Improved Heat Sink Small Storage Unit > --- WEAPON ----------- Assault Rifle Assault Rifle > --- INVENTORY -------- Light Ion Engine Light Ion Engine Aluminum Leg Structural Scanner Core Shielding EM Pulse Gun Mining Laser Signal Generator [Rating: 12] Favorites ----------- Power Light Nuclear Core Engine Light Ion Engine Power Core Light Nuclear Core Propulsion Aluminum Leg Leg Aluminum Leg Utility Small Storage Unit Device Improved Heat Sink Storage Small Storage Unit Weapon Assault Rifle Ballistic Gun Assault Rifle Special Weapon Mining Laser Build | -11 -10 -10 ------- Run | Yrd Mat Min Slots Evolved . | . . . Power . | . . . Propulsion . | . . . Utility . | . . . Weapon . | . . . Parts Attached 8 | . 7 1 Power 3 | . 3 . Engine 1 | . 1 . Core 2 | . 2 . Reactor . | . . . Propulsion 1 | . 1 . Treads . | . . . Leg 1 | . 1 . Wheel . | . . . Hover . | . . . Flight . | . . . Utility 1 | . 1 . Device 1 | . 1 . Storage . | . . . Processor . | . . . Hackware . | . . . Protection . | . . . Artifact . | . . . Weapon 3 | . 2 1 Energy Gun . | . . . Energy Cannon . | . . . Ballistic Gun 2 | . 2 . Ballistic Cannon . | . . . Launcher . | . . . Special Weapon 1 | . . 1 Impact Weapon . | . . . Slashing Weapon . | . . . Piercing Weapon . | . . . Special Melee Weapon . | . . . Unidentified Prototypes . | . . . Parts Lost 7 | . 2 5 Power 2 | . 1 1 Propulsion 2 | . . 2 Utility . | . . . Weapon 3 | . 1 2 Highest Loss Streak 5 | . 2 5 To Critical Strikes . | . . . Average Slot Usage (%) 95 | . 95 92 Engine 5 | . 7 . Core 8 | . 7 12 Leg 26 | . 28 23 Device 11 | . 10 14 Storage 14 | . 14 14 Ballistic Gun 27 | . 28 25 Peak Build Rating 12 | . 11 12 Average Rating 9 | . 9 11 On Entrance 7 | 6 6 11 Naked Turns . | . . . Heaviest Build 15 | 12 15 15 Greatest Support 20 | 20 20 20 Greatest Overweight (x) 4 | . . 4 Average Overweight (x) . | . . . Largest Inventory Capacity 8 | . 8 8 Average Capacity 8 | . 8 8 Most Carried 8 | . 8 8 Average Carried 7 | . 7 7 Final Capacity 8 | 8 8 8 Final Carried 8 | 6 8 7 Class Distribution -------------------- 100% | Mutant Dominant Class ---------------- Mutant | -10/Materials Mutant | -10/Mines Resources | -11 -10 -10 ----------- Run | Yrd Mat Min Matter Collected 400 | 200 200 . Remotely . | . . . Salvage Created 387 | . 387 . Parts 21 | . 21 . Haulers Intercepted . | . . . Recyclers Shooed . | . . . Parts Field Recycled . | . . . Retrieved Matter . | . . . Parts Self-Destructed . | . . . Prevented . | . . . Kills | -11 -10 -10 ------- Run | Yrd Mat Min Combat Hostiles Destroyed 8 | . 8 . Guns 8 | . 8 . Classes Destroyed 2 | . 2 . Worker 1 | . 1 . Grunt 8 | . 8 . Best Kill Streak 3 | . 3 . Combat Bots Only 3 | . 3 . Max Kills in Single Turn 1 | . 1 . Gunslinging . | . . . Exploded . | . . . Melee . | . . . Uniques/NPCs Destroyed . | . . . Combat | -11 -10 -10 -------- Run | Yrd Mat Min Hostile Shots Fired 66 | . 50 16 Missed 11 | . 11 . Damage Taken 1188 | . 515 673 Core 262 | . 88 174 Absorbed by Shields . | . . . Core Remaining (%) 100 | 100 . . Volleys Fired 33 | . 29 4 Largest 2 | . 2 2 Hottest 100 | . 40 100 Shots Fired 64 | . 57 7 Gun 63 | . 57 6 Cannon . | . . . Launcher . | . . . Special 1 | . . 1 Kinetic 63 | . 57 6 Thermal 1 | . . 1 Explosive . | . . . Electromagnetic . | . . . Robot Hit Streak 7 | . 7 3 Robot Miss Streak 6 | . 3 6 Penetration Max . | . . . Secondary Targets . | . . . Shots Hit Robots 39 | . 38 1 Core Hits 20 | . 19 1 Critical Kills 1 | . 1 . Critical Parts Destroyed . | . . . Critical Strikes 1 | . 1 . Destroy 1 | . 1 . Melee Attacks . | . . . Impact . | . . . Slashing . | . . . Piercing . | . . . Sneak Attacks . | . . . Combat Hostiles . | . . . Follow-up Attacks . | . . . Damage Inflicted 538 | . 505 33 Guns 537 | . 504 33 Cannons . | . . . Explosions . | . . . Melee . | . . . Ramming 1 | . 1 . Kinetic 537 | . 504 33 Thermal . | . . . Explosive . | . . . Electromagnetic . | . . . Impact . | . . . Slashing . | . . . Piercing . | . . . Highest Corruption . | . . . Average Corruption . | . . . Corruption Purged . | . . . Corruption Blocked . | . . . Overload Shots . | . . . Overflow Damage . | . . . Projectiles . | . . . Explosions . | . . . Melee . | . . . Knockbacks . | . . . Impact . | . . . Kinetic . | . . . Secondary . | . . . Self-Inflicted Damage . | . . . Shots . | . . . Rammed . | . . . Targets Rammed 1 | . 1 . Kicked 1 | . 1 . Crushed . | . . . Highest Temperature 6 | . 6 . Average Temperature 3 | . 3 . Received Heat Transfer 303 | . 303 . Siege Activations . | . . . Robots Corrupted . | . . . Combat Hostiles . | . . . Parts Fried . | . . . Impact Corruptions . | . . . Robots Melted . | . . . Combat Hostiles . | . . . Parts Melted . | . . . Heat Transferred . | . . . Parts Sabotaged . | . . . Parts Stolen . | . . . Parts Stripped . | . . . Power Chain Reactions . | . . . Alert | -11 -10 -10 ------- Run | Yrd Mat Min Peak Influence 217 | . 217 84 Initial 84 | . . 84 Average 108 | . 119 72 Maximum Alert Level 1 | . 1 . Low Security (%) 86 | . 82 100 Level 1 13 | . 17 . Level 2 . | . . . Level 3 . | . . . Level 4 . | . . . Level 5 . | . . . High Security . | . . . Max Security . | . . . Squads Dispatched . | . . . Investigation . | . . . Extermination . | . . . Reinforcement . | . . . Assault . | . . . Garrison . | . . . Intercept . | . . . Searches Triggered . | . . . Construction Impeded . | . . . Haulers Reinforced . | . . . Active Scanning Responses . | . . . Cargo Convoy Interrupts . | . . . Stealth | -11 -10 -10 --------- Run | Yrd Mat Min Distress Signals 1 | . 1 . Communications Jammed . | . . . Distress Signals . | . . . Times Spotted 15 | . 13 2 Peak Tracking Total 5 | . 5 2 Tactical Retreats 1 | . 1 . Traps | -11 -10 -10 ------- Run | Yrd Mat Min Traps Triggered . | . . . Indirectly . | . . . Trap Hack Attempts . | . . . Triggered . | . . . Disarmed . | . . . Reprogrammed . | . . . Reused . | . . . Traps Extracted . | . . . Installed . | . . . Triggered . | . . . Machines | -11 -10 -10 ---------- Run | Yrd Mat Min Machines Disabled . | . . . Max in Single Turn . | . . . Machines Repaired . | . . . Machines Dismantled . | . . . Machines Sabotaged . | . . . Overloaded Fab Kills . | . . . Hacking | -11 -10 -10 --------- Run | Yrd Mat Min Machines Accessed 2 | . 2 . Terminals 2 | . 2 . Fabricators . | . . . Repair Stations . | . . . Recycling Units . | . . . Scanalyzers . | . . . Garrison Access . | . . . Total Hacks 4 | . 4 . Successful 3 | . 3 . Failed 1 | . 1 . Catastrophic . | . . . Database Lockouts . | . . . Manual . | . . . Terminals 4 | . 4 . Fabricators . | . . . Repair Stations . | . . . Recycling Units . | . . . Scanalyzers . | . . . Garrison Access . | . . . Terminal Hacks 3 | . 3 . Robot Analysis 1 | . 1 . Alert Level 1 | . 1 . Zone Layout 1 | . 1 . Fabricator Hacks . | . . . Repair Station Hacks . | . . . Recycling Unit Hacks . | . . . Scanalyzer . | . . . Garrison Access Hacks . | . . . Unauthorized Hacks . | . . . Terminals . | . . . Fabricators . | . . . Repair Stations . | . . . Recycling Units . | . . . Scanalyzers . | . . . Garrison Access . | . . . Data Cores Recovered . | . . . Used . | . . . Hacking Detections 1 | . 1 . Full Trace Events . | . . . Feedback Events . | . . . Feedback Blocked . | . . . Robot Schematics Acquired . | . . . Robots Built . | . . . Authchips . | . . . Time . | . . . Total Robot Build Rating . | . . . Part Schematics Acquired . | . . . Parts Built . | . . . Authchips . | . . . Time . | . . . Total Part Build Rating . | . . . Parts Repaired . | . . . Time . | . . . Parts Recycled . | . . . Recycled Matter . | . . . Retrieved Matter . | . . . Retrieved Components . | . . . Parts Scanalyzed . | . . . Part Schematics Acquired . | . . . Parts Damaged . | . . . Bothacking | -11 -10 -10 ------------ Run | Yrd Mat Min Used RIF Installer . | . . . Robots Hacked . | . . . Non-combat . | . . . Combat . | . . . Robot Hacks Applied . | . . . Relay Couplers Released . | . . . Fabnet Peak Effective % . | . . . Robots Rewired . | . . . Allies Hacked . | . . . Hacks Repelled . | . . . Allies | -11 -10 -10 -------- Run | Yrd Mat Min Total Allies 3 | . . 3 Largest Group 3 | . . 3 Highest-Rated Group 40 | . . 40 Highest-Rated Ally 16 | . . 16 Total Orders . | . . . Ally Attacks 2 | . . 2 Total Damage 16 | . . 16 Kills . | . . . Allies Corrupted . | . . . Allies Melted . | . . . Intel | -11 -10 -10 ------- Run | Yrd Mat Min Robot Analysis Total 1 | . 1 . Derelict Logs Recovered . | . . . Drone Launches . | . . . Drone Recoveries . | . . . Exploration | -11 -10 -10 ------------- Run | Yrd Mat Min Turns Passed 479 | . 360 119 Spaces Moved 292 | 1 207 84 Core 6 | . . 6 Treads . | . . . Legs 286 | 1 207 78 Wheels . | . . . Hover . | . . . Flight . | . . . Fastest Speed 100 | 120 120 100 Average Speed 120 | 120 120 120 Slowest Speed 250 | 120 120 250 Overloaded Moves . | . . . Propulsion Burnouts . | . . . Robots Hopped . | . . . Cave-ins Triggered . | . . . Exploration Rate (%) 19 | 2 38 18 Regions Visited 2 Branch Regions 1 Pre-discovered Areas . | . . . Known Exits Taken . | . . . Unknown Exits Taken 2 | 1 1 . Scrap Searched . | . . . Spaces Dug . | . . . Terrain Destroyed . | . . . Melee . | . . . Projectile . | . . . AOE . | . . . Terrain Rammed . | . . . Walls Destroyed . | . . . Machines Disabled . | . . . Actions | -11 -10 -10 --------- Run | Yrd Mat Min Total 360 | . 263 97 Wait 13 | . 7 6 Move 290 | . 206 84 Hop . | . . . Pick Up 9 | . 8 1 Fast Attach . | . . . Attach 4 | . 3 1 Detach . | . . . Swap 4 | . 4 . Drop 6 | . 5 1 Fire 33 | . 29 4 Melee . | . . . Ram . | . . . Kick 1 | . 1 . Crush . | . . . Escape Stasis . | . . . Rewire . | . . . Trap . | . . . Miscellaneous . | . . . Route ------- -11/Scrapyard -10/Materials -10/Mines (discovered 1 exit: [*Mat]) History --------- Turn | Location | Event 1 | -11/Scrapyard | Discovered new exit (range 0) 1 | -11/Scrapyard | Entered Materials 241 | -10/Materials | Discovered new exit (range 14) 357 | -10/Materials | Build established: Mutant 361 | -10/Materials | Entered Mines 365 | -10/Mines | Met a Derelict testing a Signal Generator 392 | -10/Mines | Found Signal Generator 424 | -10/Mines | Discovered new exit (range 12) 452 | -10/Mines | Assisted by bots powering up and referring to "LRC-V3" 460 | -10/Mines | Assembled infested the area 471 | -10/Mines | Core integrity fell below 50% 479 | -10/Mines | Core integrity fell below 20% 480 | -10/Mines | Destroyed by D-53 Grenadier with Mini Grenade Launcher Last Messages --------------- 00452_ Mercenary 1a: "Hello LRC-V3. What is your command?" 00452_ Trooper 1b: "Hello LRC-V3. What is your command?" 00460_ ALERT: Infestation in the mines, dispatching Demolisher response squad. 00462_ C-30 ARC bursts open, deploying its payload. 00462_ D-53 Grenadier unfolds itself. 00462_ Mercenary 1a destroyed. 00462_ Trooper 1a destroyed. 00464_ N9-Y1J(g) destroyed. 00464_ Trooper 1b destroyed. 00468_ Aluminum Leg destroyed. 00469_ The unstable cave ceiling collapses. 00472_ Assault Rifle destroyed. 00472_ Lgt. Nuclear Core destroyed. 00472_ Assault Rifle destroyed. 00474_ The unstable cave ceiling collapses. 00478_ U-05 Engineer lays Concrete. 00478_ D-53 Grenadier destroyed. 00479_ The unstable cave ceiling collapses. 00479_ U-05 Engineer lays Concrete. Map ----- +----------------------------------------------------+ | | | | | | | | | | | | | | | | | | | | | | | | | | | | | | | | | ?????????????????????????????????????????????????? | | ?????????????????###########?????????????????????? | | ?????????????????# #?????????????????????? | | ?????????######### #?????????????????????? | | ?????????# #?????????????????????? | | ?????????# ####### u ###???????????????????? | | ###??????# #?????# u #???????????????????? | | ##?????# #?????# #???????????????????? | | ####### #?????##### %% ###??????????????????? | | #??????#### d@ #??????????????????? | | #########??????# ###????????????????? | | ###??????????????# #????????????????? | | #????????????????# ## #????????????????? | | #????????????????## #??????????????????? | | ###???????????????# ###??????????????????? | | ##??????????????# #??????????????????? | | ##?????????????## #??????????????????? | | #??????????????# #??????????????????? | | #??????????????### ?????????????????? | | ##???????????????## ???????????????? | | ##?????????????????#############??????????????? | | ##?????????????????????????????????????????????? | | ###??????????????????????????????????????????????? | | ?????????????????????????????????????????????????? | | ?????????????????????????????????????????????????? | | ?????????????????????????????????????????????????? | | ?????????????????????????????????????????????????? | | ?????????????????????????????????????????????????? | | ?????????????????????????????????????????????????? | | ?????????????????????????????????????????????????? | | ?????????????????????????????????????????????????? | | ?????????????????????????????????????????????????? | | ?????????????????????????????????????????????????? | | ?????????????????????????????????????????????????? | +----------------------------------------------------+ Best States ------------- Heat Dissipation 39 Energy Generation 14 Energy Capacity 250 Matter Stores 300 Matter Capacity 300 Sight Range 16 Terrain Scan Density 10 Evasion (%) 55 Item Schematics ----------------- None Robot Schematics ------------------ None Fabricated ------------ Nothing Alien Tech Used ----------------- None Achievements -------------- None Challenges ------------ None Game ------ Seed ArmorCombatBeacon Manual? 0 Play Time 00:10:04 Cumulative 35.6 hours Start 2024.09.17 @ 16:18:23 End 2024.09.17 @ 16:27:02 Sessions 1 Manual Loads 0 Difficulty Rogue Special Mode None Game No. 31 Rogue 31 Adventurer 0 Explorer 0 Win Type - Total 1 Types 1/0/0/0/0/0/0/0/0 Lore% 8 Gallery% 34 Achievement% 26 Wizard Run 0 Options --------- Layout 0 ASCII 0 Keyboard 1 Movement Numpad Keybinds 1 Fullscreen 1 Font 18/SmallcapsGlow Map View 76x50 Zoom Use 0% Tactical HUD 1 Map Filters NONE Filters NONE Steam 1 RUN: f9b7dbdb-360d-4631-b5c1-a6c633e5aac0